 Dungeon Crawl Stone Soup version 0.26-a0-971-g1d9d62bb61 (webtiles) character file.

Game seed: 7914249113250456135

1 runemasterragnar the Sneak (level 1, 0/14 HPs)
             Began as a Gargoyle Delver on Dec 5, 2020.
             Slain by an iguana (12 damage)
             ... on level 5 of the Dungeon.
             The game lasted 00:00:36 (113 turns).

runemasterragnar the Sneak (Gargoyle Delver)         Turns: 113, Time: 00:00:36

Health: 0/14       AC:  5    Str: 15    XL:     1   Next: 20%
Magic:  1/1        EV: 11    Int: 10    God:
Gold:   9          SH:  0    Dex: 11    Spells: 0/0 levels left

rFire    . . .     SeeInvis .   a - +0 falchion
rCold    . . .     Faith    .   (no shield)
rNeg     + . .     Spirit   .   b - +0 leather armour
rPois    ∞         Reflect  .   (no helmet)
rElec    +         Harm     .   (no cloak)
rCorr    .         Rampage  .   (no gloves)
MR       .....                  (no boots)
Stlth    +++.......             (no amulet)
HPRegen  0.04/turn              (no ring)
MPRegen  0.07/turn              (no ring)

@: hasted, very quick
A: negative energy resistance 1, electricity resistance, unbreathing,
petrification resistance, rot immunity, AC +2
a: no special abilities


You were on level 5 of the Dungeon.
You visited 1 branch of the dungeon, and saw 2 of its levels.

You collected 9 gold pieces.

Inventory:

Hand Weapons
 a - a +0 falchion (weapon)
Armour
 b - a +0 leather armour (worn)
 h - a +0 plate armour
Wands
 g - a wand of digging (3)
Scrolls
 c - a scroll of fog
 d - a scroll of magic mapping
 e - a scroll of fear
 i - a scroll of teleportation {unknown}


   Skills:
 + Level 3.3 Fighting
 + Level 1.8 Long Blades
 + Level 0.1 Armour
 + Level 1.6 Dodging
 - Level 5.4 Stealth


You couldn't memorise any spells.
You didn't know any spells.
Your spell library was empty.

Dungeon Overview and Level Annotations

Branches:
Dungeon (5/15)
 Temple: D:4-7

Altars:


Innate Abilities, Weirdness & Mutations

You are resistant to torment.
Your stone body is resilient. (AC +2)
You are immune to poison.
You resist negative energy. (rN+)
You are resistant to electric shocks. (rElec)
You can survive without breathing.
You are immune to petrification.
You are immune to rotting.


Message History

Found a ring mail.
Found a stone staircase leading down. 2 jackals come into view.
A jackal comes into view.
The helpless jackal fails to defend itself.
You slash the jackal!
You kill the jackal!
An iguana comes into view.
The iguana hisses angrily.
The jackal barks! x2
The jackal closely misses you.
You riposte.
You miss the jackal. The jackal bites you.
You feel yourself speed up. The iguana closely misses you.
You riposte.
You hit the iguana but do no damage. You hit the iguana.
The iguana is lightly wounded.
The iguana barely misses you.
You closely miss the iguana.
The iguana is lightly wounded.
The iguana bites you!
Ouch! That really hurt!
You die...

### ..#
#.#
##.###.#
....#@#
#.#.#l#
####.#.#h#
#......#h#
# ##....Y#
#.#....###
#.#.#Y##
#+ #.....#
...
###.###


You could see an ice beast, an iguana and 2 jackals.

Vanquished Creatures
  A jackal (D:5)
1 creature vanquished.

Notes
Turn   | Place    | Note
-------+----------+-------------------------------------------
     0 | D:5      | runemasterragnar the Gargoyle Delver began the quest for
                  | the Orb.
     0 | D:5      | Reached XP level 1. HP: 14/14 MP: 1/1
    37 | D:4      | Noticed a hound
    37 | D:4      | Noticed a worker ant
    95 | D:5      | Noticed an ice beast
   104 | D:5      | Noticed an iguana
   113 | D:5      | Slain by an iguana

Illustrated notes

Levels and vault maps discovered:
D:4:      minmay_opposing_rooms, layout_basic, uniq_edmund, uniq_blork_the_orc
D:5:      layout_loops_corners, ashenzari_altar_1, serial_shops, shop, uniq_ijyb

Action                   || total
-------------------------++-------
Melee: Falchion          ||     3
  Use: Potion            ||     1
 Stab: Sleeping          ||     1
Dodge: Dodged            ||     3
       Rpst.: Falchion   ||     2

Table legend: (Time is in decaauts)
 A = Elapsed time spent in this place.
 B = Non-inter-level travel time spent in this place.
 C = Inter-level travel time spent in this place.
 D = Time resting spent in this place.
 E = Time spent auto-exploring this place.
 F = Levels seen in this place.
 G = Mean time per level.
                   A        B        C        D        E       F      G
               +--------+--------+--------+--------+--------+-----+--------+
         Total |    113 |    113 |      0 |      0 |     66 |   2 |   56.5 |
       Dungeon |    113 |    113 |      0 |      0 |     66 |   2 |   56.5 |
               +--------+--------+--------+--------+--------+-----+--------+

Top non-repeatable levels by time:
     D:5: 98 daAuts
     D:4: 14 daAuts
